 Dungeon Crawl Stone Soup version 0.30.2 (webtiles) character file.

Game seed: 8031375970946640351

427 Ashen the Ogre Mage (level 6, 0/59 HPs)
             Began as an Ogre Hedge Wizard on Jan 22, 2024.
             Killed from afar by Ijyb (8 damage)
             ... with a bolt of dispelling energy
             ... on level 4 of the Dungeon.
             The game lasted 00:13:25 (4296 turns).

Ashen the Ogre Mage (Ogre Hedge Wizard)             Turns: 4296, Time: 00:13:26

Health: 0/59       AC:  7    Str: 15    XL:     6   Next: 97%
Magic:  10/13      EV: 10    Int: 17    God:
Gold:   180        SH:  0    Dex:  8    Spells: 4/15 levels left

rFire   . . .        w - +0 morningstar
rCold   + . .        (no shield)
rNeg    . . .        b - +0 robe
rPois   .            c - +0 hat
rElec   .            (no cloak)
rCorr   .            (gloves unavailable)
SInv    .            (boots unavailable)
Will    .....        (no amulet)
Stlth   ++           l - ring of protection from cold
HPRegen 0.29/turn    t - +4 ring of protection
MPRegen 0.13/turn

%: no passive effects
@: no status effects
A: large, unfitting armour, tough skin 1
a: no special abilities


You were on level 4 of the Dungeon.
You visited 1 branch of the dungeon, and saw 7 of its levels.

You collected 180 gold pieces.

Inventory:

Hand Weapons
 m - a +0 mace
 w - a +0 morningstar (weapon)
Missiles
 f - a throwing net
Armour
 b - a +0 robe (worn)
 c - a +0 hat (worn)
Jewellery
 l - a ring of protection from cold (left hand)
 t - a +4 ring of protection (right hand)
Scrolls
 e - a scroll of blinking {unknown}
 i - a scroll of enchant armour {unknown}
 k - a scroll of summoning {unknown}
 o - 2 scrolls of vulnerability
 r - a scroll of poison {unknown}
 u - a scroll of immolation {unknown}
Potions
 a - 3 potions of degeneration
 d - 2 potions of magic
 h - a potion of ambrosia
 j - a potion of mutation {unknown}
 n - a potion of attraction
 p - a potion of heal wounds {unknown}
 q - a potion of lignification {unknown}
 s - a potion of might {unknown}
 v - a potion of cancellation {unknown}
 x - a potion of curing


   Skills:
 + Level 2.8 Fighting
 + Level 1.9 Maces & Flails
 + Level 2.7 Dodging
 + Level 2.3 Stealth
 * Level 5.2 Spellcasting
 * Level 3.1 Conjurations
 - Level 1.0 Summonings
 - Level 1.0 Translocations


You had 4 spell levels left.
You knew the following spells:

 Your Spells              Type           Power      Damage    Failure   Level
a - Magic Dart            Conj           60%        1d6       3%          1
b - Slow                  Hex            16%        N/A       14%         1
c - Blink                 Tloc           14%        N/A       14%         2
d - Call Imp              Summ           14%        N/A       14%         2
e - Cigotuvi's Dreadful   Necr/Pois/Air  8%         N/A       22%         2
f - Mephitic Cloud        Conj/Pois/Air  8%         N/A       26%         3

Your spell library contained the following spells:

 Spells                   Type           Power      Damage    Failure   Level
 Momentum Strike          Conj/Tloc      22%        3d8       9%          2
 Lesser Beckoning         Tloc           14%        N/A       14%         2
 Ensorcelled Hibernation  Hex/Ice        8%         N/A       22%         2
 Spider Form              Tmut/Pois      4%         N/A       38%         3
 Anguish                  Hex/Necr       2%         N/A       80%         4


Dungeon Overview and Level Annotations

Branches:
Dungeon (7/15)
 Temple: D:4-7

Altars:
Elyvilon
Sif Muna
Trog

Annotations:
D:4 Edmund, Ijyb
D:6 Grinder
D:7 exclusion: water moccasin


Innate Abilities, Weirdness & Mutations

You are too large for most types of armour.
You have tough skin. (AC +1)


Message History

The orc wizard flickers and vanishes!
Deactivating autopickup; reactivate with Ctrl-A.
The orc wizard casts a spell.
The orc wizard flickers and vanishes!
You feel yourself speed up.
Edmund says, "People accused me of being a cutpurse!"
The orc closely misses you.
The orc priest begins to cast a cantrip, but forgets the words!
A scorpion comes into view.
You feel stable enough to blink again.
Found a scroll labelled OSUSTR VECITHRE.
An iguana comes into view.
The orc hits you with a +0 dagger.
The orc priest looks satisfied for a moment.
There is a stone staircase leading up here.
Edmund hits you with a +0 flail of protection.
The orc priest looks encouraged for a moment.
The orc barely misses you.
A magic dart appears from out of thin air!
The magic dart hits you.
Ijyb drinks a potion.
Ijyb seems to speed up.
You climb upwards.
Reactivating autopickup.
Found a stone staircase leading up.
There is a stone staircase leading down here.
Unknown command.
A black bear comes into view.
The black bear growls angrily.
Ijyb hits you with a +0 dagger.
* * * LOW HITPOINT WARNING * * *
The ball python hisses angrily.
Ijyb attacks as you move away! Ijyb hits you but does no damage.
Ijyb zaps a wand.
The bolt of dispelling energy hits you!
Your magical effects are unravelling.
* * * LOW HITPOINT WARNING * * *
You feel yourself slow down.
Ijyb zaps a wand.
The bolt of dispelling energy hits the ball python!
The ball python dies!
The bolt of dispelling energy hits you!
You die...

# ######
. #....+
. #.>..#
#
+.g@##+##
#..†##..#
#.......#
#...@...#
#.h...<.#
#.......#
#.......#
#...##..#
#...# ..#
#.... ..#
#... ..#


You could see Edmund, a black bear and Ijyb (fast).

Vanquished Creatures
  A scorpion (D:6)
  A jelly (D:6)
  A hound (D:6)
  4 orc priests (D:3)
  4 orc wizards
  3 adders
  A white imp (D:6)
  A dart slug (D:1)
  15 orcs
  4 ball pythons
  3 endoplasms
  3 giant cockroaches
  4 goblins
  5 hobgoblins
  2 quokkas (D:3)
  2 bats
  4 frilled lizards
  4 kobolds
  3 rats
65 creatures vanquished.

Vanquished Creatures (collateral kills)
  An orc (D:2)
1 creature vanquished.

Vanquished Creatures (others)
  A ball python (D:4)
1 creature vanquished.

Grand Total: 67 creatures vanquished

Notes
Turn   | Place    | Note
-------+----------+-------------------------------------------
     0 | D:1      | Ashen the Ogre Hedge Wizard began the quest for the Orb.
     0 | D:1      | Reached XP level 1. HP: 16/16 MP: 5/5
   171 | D:1      | Reached skill level 1 in Conjurations
   208 | D:1      | Reached skill level 1 in Summonings
   208 | D:1      | Reached skill level 1 in Translocations
   329 | D:1      | Reached XP level 2. HP: 15/26 MP: 0/6
  1199 | D:2      | Found a faded altar of an unknown god.
  1276 | D:2      | Reached skill level 4 in Spellcasting
  1276 | D:2      | Reached XP level 3. HP: 32/32 MP: 0/8
  1479 | D:2      | Found a bloodstained altar of Trog.
  1674 | D:2      | Reached skill level 1 in Fighting
  1869 | D:3      | Found a shimmering blue altar of Sif Muna.
  1920 | D:3      | Reached XP level 4. HP: 23/41 MP: 0/10
  2162 | D:3      | Reached skill level 1 in Maces & Flails
  2164 | D:3      | Learned a level 1 spell: Slow
  2167 | D:3      | Learned a level 2 spell: Blink
  2170 | D:3      | Learned a level 2 spell: Call Imp
  2173 | D:3      | Learned a level 2 spell: Cigotuvi's Dreadful Rot
  2177 | D:3      | Learned a level 3 spell: Mephitic Cloud
  2191 | D:3      | Reached XP level 5. HP: 47/49 MP: 0/11
  3126 | D:3      | Found a white marble altar of Elyvilon.
  3145 | D:3      | Reached XP level 6. HP: 45/58 MP: 4/13
  3712 | D:4      | You fall into a shaft and drop 3 floors!
  3723 | D:7      | Noticed a water moccasin
  3754 | D:6      | Reached skill level 5 in Spellcasting
  4123 | D:6      | Noticed Grinder
  4260 | D:6      | Noticed Edmund
  4271 | D:5      | Entered Level 5 of the Dungeon
  4272 | D:5      | Noticed Ijyb
  4293 | D:4      | Noticed a black bear
  4296 | D:4      | Killed from afar by Ijyb

Illustrated notes

Levels and vault maps discovered:
D:1:      lemuel_arrival_river_bridge, layout_loops_cross, dk_noncrumbling_3
D:2:      layout_rooms, basic_altar, shapermc_ecumenical_altar_starsandcircs
D:3:      layout_loops_corners, mainiacjoe_overflow_cross_hatched,
          nicolae_sif_muna_condensation
D:4:      layout_gridville, minmay_temple_entry_slanted,
          gammafunk_ghost_gnarly_gnolls, minmay_close_crescents
D:5:      layout_loops_ring, marbit_many_paths, uniq_ijyb, uniq_pikel
D:6:      layout_basic, minmay_ruffians, uniq_edmund, uniq_grinder
D:7:      layout_basic

Skill      XL: |  1  2  3  4  5  6 |
---------------+-------------------+-----
Conjurations   | 1 2 3 |  3.1
Summonings     | 1 |  1.0
Translocations | 1 |  1.0
Dodging        | 2 |  2.7
Spellcasting   | 4 5 |  5.2
Fighting       | 1 2 |  2.8
Maces & Flails | 1 |  1.9
Stealth        | 2 |  2.3

Action                     |  1- 3 |  4- 6 || total
---------------------------+-------+-------++-------
  Melee: Dagger            |    37 |       ||    37
         Mace              |    15 |   100 ||   115
   Cast: Magic Dart        |    72 |   104 ||   176
         Mephitic Cloud    |       |     4 ||     4
         Blink             |       |     3 ||     3
         Call Imp          |       |     3 ||     3
         Cigotuvi's Dreadf |       |     1 ||     1
         Slow              |       |     3 ||     3
    Use: Scroll            |       |     5 ||     5
         Potion            |       |     3 ||     3
   Stab: Sleeping          |     3 |       ||     3
         Confused          |       |     1 ||     1
 Armour: Robe              |    21 |    56 ||    77
  Dodge: Dodged            |    24 |    52 ||    76
